 Dungeon Crawl Stone Soup version 0.21.1-1-g345015f (webtiles) character file.

60 GoodBoy the Sneak (level 3, -4/27 HPs)
             Began as a Vampire Assassin on Mar 10, 2018.
             Killed by divine providence
             ... invoked by an orc priest
              (16 damage)
             ... on level 2 of the Dungeon.
             The game lasted 00:04:41 (1713 turns).

GoodBoy the Sneak (Vampire Assassin)                Turns: 1713, Time: 00:04:42

Health: -4/27      AC:  3    Str: 10    XL:     3   Next: 80%
Magic:  3/3        EV: 12    Int: 13    God:
Gold:   108        SH:  0    Dex: 16    Spells: 2/2 levels left

rFire    . . .     SeeInvis +   a - +6 short sword
rCold    . . .     Gourm    .   (no shield)
rNeg     + . .     Faith    .   c - +0 robe
rPois    .         Spirit   .   (no helmet)
rElec    .         Reflect  .   d - +0 cloak
rCorr    .         Harm     .   (no gloves)
MR       .....                  (no boots)
Stlth    ++++......             (no amulet)
HPRegen  0.09/turn              (no ring)
MPRegen  0.08/turn              (no ring)

@: no status effects
A: fangs 3, see invisible, unbreathing
a: Bat Form


You were on level 2 of the Dungeon.
You were not thirsty.

You visited 1 branch of the dungeon, and saw 3 of its levels.

You collected 108 gold pieces.

Inventory:

Hand Weapons
 a - a +6 short sword (weapon)
 b - a +0 blowgun
 k - a +3 dagger
 q - a +2 dagger
Missiles
 e - 8 poisoned needles
 f - 2 curare-tipped needles
 t - 24 sling bullets
Armour
 c - a +0 robe (worn)
 d - a +0 cloak (worn)
 m - a cursed +0 ring mail
Jewellery
 r - an uncursed ring of ice
Scrolls
 h - 2 scrolls of remove curse
 o - a scroll of enchant weapon {unknown}
 s - a scroll of identify {unknown}
 u - a scroll of blinking {unknown}
Potions
 g - 14 potions of blood
 i - 3 potions of curing {unknown}
 j - a potion of degeneration {unknown}
 l - a potion of brilliance {unknown}
 p - a potion of agility {unknown}
 v - a potion of heal wounds {unknown}


   Skills:
 - Level 1.7 Fighting
 + Level 3.0 Short Blades
 - Level 1.5 Throwing
 + Level 1.4 Dodging
 + Level 7.5 Stealth


You had 2 spell levels left.
You didn't know any spells.

Dungeon Overview and Level Annotations

Branches:
Dungeon (3/15)

Altars:

Annotations:
D:3 SmSkdm's ghost, amateur GrFi


Innate Abilities, Weirdness & Mutations

You have razor-sharp teeth.
You have supernaturally acute eyesight. (SInv)
You can survive without breathing.


Message History

There is a stone staircase leading down here.
You hit the orc priest.
The orc priest is heavily wounded.
The orc priest hits you with a whip.
You hit the orc priest but do no damage.
The orc priest is heavily wounded.
The orc priest mumbles some strange prayers to Beogh against you.
Beogh smites you!
You closely miss the orc priest. Your bite misses the orc priest.
The orc priest is heavily wounded.
The orc priest barely misses you.
You puncture the orc priest!
The orc priest is almost dead.
The orc priest hits you but does no damage.
You completely miss the orc priest.
The orc priest is almost dead.
The orc priest mumbles some strange prayers to Beogh against you.
Beogh smites you!
Ouch! That really hurt!
You die...

............# #...#(# #.......
..........#.# #...#.# #.....#.
..........#.# #...#.# #.......
.)......#.#.# #<##.##### #%##.##.
........#.#.###......#8###.##....
.............#####.#....##.#####.
######.......# #.###8..#######.
..........#####.####...##.....
#..........@o..$.##..8#...##
#........#.##.....#.<.#....#
#........#.##.#####..8#.....
#.......>#....# ##...##.....
##.....#)####.###8..##......
#.#.#.#.####.#....##......#
#.#.#.#........#8###.....##
#.#.#.###......### ##...##
#.#.#.# #.......# ##>##


You could see an orc priest.

Vanquished Creatures
  An adder (D:2)
  2 dart slugs (D:1)
  An orc (D:2)
  9 bats
  A giant cockroach (D:1)
  6 hobgoblins
  6 jackals (D:1)
  5 kobolds
  3 frilled lizards (D:1)
  3 goblins
  6 rats
43 creatures vanquished.

Notes
Turn   | Place    | Note
-------+----------+-------------------------------------------
     0 | D:1      | GoodBoy the Vampire Assassin began the quest for the Orb.
     0 | D:1      | Reached XP level 1. HP: 16/16 MP: 1/1
    11 | D:1      | Reached skill level 6 in Stealth
   110 | D:1      | Reached XP level 2. HP: 22/22 MP: 2/2
   384 | D:1      | Reached skill level 7 in Stealth
   543 | D:1      | Reached XP level 3. HP: 27/27 MP: 3/3
  1194 | D:3      | Noticed SmSkdm's ghost (amateur GrFi)
  1713 | D:2      | Killed from afar by an orc priest

Skill      XL: |  1  2  3 |
---------------+----------+-----
Stealth        | 6 7 |  7.5
Short Blades   | 3 |  3.0
Fighting       | |  1.7
Throwing       | |  1.5
Dodging        | |  1.4

Action                   || total
-------------------------++-------
Melee: Dagger            ||    97
       Bite              ||     5
       Short sword       ||    17
Throw: Stone             ||     7
  Use: Potion            ||     2
       Scroll            ||     1
 Stab: Sleeping          ||    12
Armor: Robe              ||    23
Dodge: Dodged            ||    67
